 Dungeon Crawl Stone Soup version 0.30.0-10-gfe55d96785 (webtiles) character file.

Game seed: 6652280947946485810

3 GigaChad the Shield-Bearer (level 1, 0/18 HPs)
             Began as a Formicid Fighter on May 14, 2023.
             Slain by a gnoll
             ... wielding a +0 club
              (2 damage)
             ... on level 1 of the Dungeon.
             The game lasted 00:00:07 (81 turns).

GigaChad the Shield-Bearer (Formicid Fighter)         Turns: 81, Time: 00:00:07

Health: 0/18       AC:  6    Str: 20    XL:     1   Next: 55%
Magic:  1/1        EV:  9    Int:  7    God:
Gold:   0          SH:  5    Dex: 13    Spells: 0/0 levels left

rFire   . . .        a - +0 war axe
rCold   . . .        c - +0 buckler
rNeg    . . .        b - +0 scale mail
rPois   .            (helmet unavailable)
rElec   .            (no cloak)
rCorr   .            (no gloves)
SInv    +            (no boots)
Will    .....        (no amulet) Stlth
                     (no ring)
HPRegen 0.23/turn    (no ring)
MPRegen 0.07/turn

%: no passive effects
@: no status effects
A: permanent stasis, dig shafts and tunnels, antennae 3, four strong arms
a: Dig, Shaft Self


You were on level 1 of the Dungeon.
You visited 1 branch of the dungeon, and saw 1 of its levels.

Inventory:

Hand Weapons
 a - a +0 war axe (weapon)
Armour
 b - a +0 scale mail (worn)
 c - a +0 buckler (worn)
Potions
 d - a potion of might


   Skills:
 + Level 3.3 Fighting
 + Level 2.0 Axes
 + Level 3.3 Armour
 + Level 4.1 Shields


You couldn't memorise any spells.
You didn't know any spells.
Your spell library contained the following spells:

 Spells                   Type           Power      Damage    Failure   Level
 Volatile Blastmotes      Fire/Tloc      0%         2d10      99%         3
 Fulminant Prism          Conj/Hex       0%         3d5       100%        4
 Iskenderun's Mystic Bla  Conj/Tloc      0%         2d3       100%        4
 Lee's Rapid Deconstruct  Erth           0%         3d4*      100%        5


Dungeon Overview and Level Annotations

Branches:
Dungeon (1/15)

Altars:


Innate Abilities, Weirdness & Mutations

You cannot be hasted, slowed, berserked, paralysed or teleported.
You can dig through walls and to a lower floor.
You have a pair of large antennae on your head. (SInv)
Your four strong arms can wield two-handed weapons with a shield.


Message History

No target in view!
You sense a monster nearby.
No target in view!
A rat comes into view.
A goblin comes into view. It is wielding a +0 club.
The goblin shouts!
There are monsters nearby!
You closely miss the rat. The rat barely misses you.
An endoplasm comes into view.
There are monsters nearby!
You closely miss the rat. The rat bites you.
A gnoll comes into view. It is wielding a +0 club.
The rat bites you but does no damage.
There are monsters nearby!
You slash the rat!
You kill the rat!
There are monsters nearby!
The goblin hits you with a +0 club.
You see here a rat corpse.
You closely miss the goblin. The goblin hits you but does no damage.
The goblin completely misses you.
You closely miss the goblin. The goblin hits you with a +0 club.
You barely miss the goblin. You block the goblin's attack.
You slash the goblin!
You kill the goblin!
The gnoll hits you with a +0 club!
Unknown command.
You are too injured to fight recklessly!
Unknown command.
You are too injured to fight recklessly!
Unknown command.
You are too injured to fight recklessly!
Unknown command.
You are too injured to fight recklessly!
You closely miss the gnoll. The gnoll hits you with a +0 club.
* * * LOW HITPOINT WARNING * * *
You slash the gnoll!
The gnoll is severely wounded.
The gnoll hits you with a +0 club.
You die...

#........# #..
###...##.# #.#
#...##.## .##
##.##.).##.# ##
#........## ..
#...##...##.###
.. #.#
#.........# .#
# #.#.#####.#.#
.....# #@$#
###.### #g## #.
.J. #. ##.## #.
#.# ... ... ###


You could see a gnoll and an endoplasm.

Vanquished Creatures
  2 goblins (D:1)
  A rat (D:1)
3 creatures vanquished.

Notes
Turn   | Place    | Note
-------+----------+-------------------------------------------
     0 | D:1      | GigaChad the Formicid Fighter began the quest for the Orb.
     0 | D:1      | Reached XP level 1. HP: 18/18 MP: 1/1
    81 | D:1      | Slain by a gnoll

Illustrated notes

Levels and vault maps discovered:
D:1:      saegor_arrival_simple_c, layout_loops_ring,
          ebering_ecumenical_altar_webs

Action                     || total
---------------------------++-------
  Melee: War axe           ||    12
 Armour: Scale mail        ||     3
  Dodge: Dodged            ||     4
  Block: Buckler           ||     1
